 Dungeon Crawl Stone Soup version 0.25-a0-294-gea9b1ad378 (webtiles) character file.

Game seed: 2639115801367187313, levelgen mode: deterministic

0 Gargoyl the Skirmisher (level 1, -1/19 HPs)
             Began as a Centaur Abyssal Knight on Dec 17, 2019.
             Was a Follower of Lugonu.
             Slain by a thrashing horror (10 damage)
             ... on level 1 of the Abyss.
             The game lasted 00:01:36 (199 turns).

Gargoyl the Skirmisher (Centaur Abyssal Knight)      Turns: 199, Time: 00:01:36

Health: -1/19      AC:  4    Str: 14    XL:     1   Next: 0%
Magic:  2/2        EV:  9    Int: 11    God:    Lugonu [*.....]
Gold:   12         SH:  0    Dex:  8    Spells: 0/0 levels left

rFire    . . .     SeeInvis .   a - +1 hand axe
rCold    . . .     Gourm    .   (no shield)
rNeg     . . .     Faith    .   b - +0 leather armour
rPois    .         Spirit   .   (no helmet)
rElec    .         Reflect  .   (no cloak)
rCorr    .         Harm     .   (no gloves)
MR       .....                  (no barding)
Stlth    ..........             (no amulet)
HPRegen  0.06/turn              (no ring)
MPRegen  0.08/turn              (no ring)

@: very quick
A: large, hooves 3, deformed body, speed 2, tough skin 3
a: Depart the Abyss, Renounce Religion


You were on level 1 of the Abyss.
You worshipped Lugonu.
Lugonu was aware of your devotion.
You were not hungry.

You visited 0 branches of the dungeon, and saw 0 of its levels.
You visited the Abyss 1 time.

You collected 12 gold pieces.

Inventory:

Hand Weapons
 a - a +1 hand axe (weapon)
Armour
 b - a +0 leather armour (worn)
Potions
 d - a potion of flight
Comestibles
 c - a ration


   Skills:
 + Level 3.0 Fighting
 + Level 1.7 Axes
 + Level 1.3 Armour
 + Level 0.6 Dodging
 + Level 2.0 Invocations


You couldn't memorise any spells.
You didn't know any spells.
Your spell library was empty.

Dungeon Overview and Level Annotations

Branches:
Dungeon (0/15)

Altars:


Innate Abilities, Weirdness & Mutations

You have hooves in place of feet.
Armour fits poorly on your strangely shaped body.
You cover ground very quickly.
You have extremely tough skin. (AC +3)


Message History

A starspawn tentacle comes into view.
The starspawn tentacle barely misses you.
A tentacle flies out from the starspawn's body!
A starspawn tentacle comes into view.
A smoke demon comes into view.
You are starting to lose your buoyancy.
Found 9 gold pieces.
You float gracefully downwards.
A thrashing horror comes into view.
The thrashing horror roars!
The thrashing horror tramples you.
You hold your ground!
The thrashing horror tramples you but does no damage.
The thrashing horror roars!
A large abomination comes into view.
The thrashing horror barely misses you. The thrashing horror tramples you!
You hold your ground!
The thrashing horror roars!
The thrashing horror tramples you!
Ouch! That really hurt!
You die...

.#. . #..X##
.#..#.# #..#
....#.###......
#.#. # #...#.#...#
................##
#.#..#.....##.#..#
#..##.#.#.##.....#
##...###..#...#.#
.#.# #.
##...#X.#.# .##
##....##.@.# .#
...# ##..#...## #
#..# ..##..#.. ##
###..#.#X# ###.#
## . #


You could see a thrashing horror and a large abomination.

Vanquished Creatures (others)
  4 starspawn tentacles (Abyss:1)
4 creatures vanquished.

Notes
Turn   | Place    | Note
-------+----------+-------------------------------------------
     0 | Abyss:1  | Gargoyl the Centaur Abyssal Knight began the quest for the
                  | Orb.
     0 | Abyss:1  | Reached XP level 1. HP: 19/19 MP: 2/2
    49 | Abyss:1  | Noticed a large abomination
   103 | Abyss:1  | Noticed a bone dragon
   108 | Abyss:1  | Noticed a rust devil
   117 | Abyss:1  | Noticed a tentacled starspawn
   173 | Abyss:1  | Noticed a smoke demon
   190 | Abyss:1  | Noticed a thrashing horror
   197 | Abyss:1  | Noticed a large abomination
   199 | Abyss:1  | Slain by a thrashing horror

Levels and vault maps discovered:
Abyss:1

Action                   || total
-------------------------++-------
  Use: Potion            ||     1
Armor: Leather armour    ||     1
Dodge: Dodged            ||     2

Table legend:
 A = Non-vault XP
 B = Vault XP
 C = Vault XP percentage of total XP
 D = Non-vault monster count
 E = Vault monster count
 F = Vault count percentage of total count
                 A         B        C        D         E       F
            +---------+---------+-------+---------+---------+-------
      Total |       0 |       0 |   N/A |       0 |       0 |  -nan
            +---------+---------+-------+---------+---------+-------
            +---------+---------+-------+---------+---------+-------
